 Dungeon Crawl Stone Soup version 0.27-a0-909-g0721f309d1 (webtiles) character file.

Game seed: 13975673573045265254

69 Alarkh the Insei (level 4, 20/34 HPs)
             Began as a Demonspawn Gladiator on Apr 8, 2021.
             Got out of the dungeon alive.
             The game lasted 00:01:56 (1658 turns).

Alarkh the Insei (Demonspawn Gladiator)             Turns: 1658, Time: 00:01:57

Health: 20/34      AC: 10    Str: 14    XL:     4   Next: 2%
Magic:  4/4        EV: 11    Int: 10    God:
Gold:   70         SH:  0    Dex: 15    Spells: 3/3 levels left

rFire    . . .     SeeInvis .     - Unarmed
rCold    + . .     Faith    .   (no shield)
rNeg     . . .     Spirit   .   c - +4 ring mail {rC+}
rPois    .         Reflect  .   b - +0 helmet
rElec    .         Harm     .   (no cloak)
rCorr    .         Rampage  .   (no gloves)
Will     .....                  (no boots)
Stlth    +.........             (no amulet)
HPRegen  0.11/turn              (no ring)
MPRegen  0.09/turn              (no ring)

@: no status effects
A: claws 1, demonic guardian 1, demonic magic 1
a: no special abilities


You escaped.
You visited 1 branch of the dungeon, and saw 2 of its levels.

You collected 70 gold pieces.

Inventory:

Missiles
 g - 2 throwing nets (quivered)
 F - 11 poisoned darts
Armour
 a - a +0 leather armour
 b - a +0 helmet (worn)
 c - a +4 ring mail of cold resistance (worn)
Jewellery
 f - an amulet of regeneration
Scrolls
 d - 2 scrolls of vulnerability {unknown}
 e - a scroll of magic mapping {unknown}
 h - 3 scrolls of identify {unknown}


   Skills:
 + Level 2.9 Fighting
 - Level 1.7 Throwing
 - Level 2.6 Dodging
 * Level 4.0 Unarmed Combat


You had 3 spell levels left.
You didn't know any spells.
Your spell library was empty.

Dungeon Overview and Level Annotations

Branches:
Dungeon (2/15)

Altars:


Innate Abilities, Weirdness & Mutations

You have sharp fingernails.
A weak demonic guardian rushes to your aid.
Spells you cast may paralyse adjacent enemies.


Message History

You feel sick. The adder bites you.
You barely miss the adder.
The adder is lightly wounded.
You feel sick. The adder bites you.
You are more poisoned.
The adder poisons you!
You closely miss the adder.
The adder is lightly wounded.
You feel sick. The adder bites you but does no damage.
You scratch the adder.
The adder is heavily wounded.
You feel sick.
The adder bites you but does no damage. x2
You scratch the adder.
The adder is severely wounded.
You feel sick. The adder barely misses you.
You miss the adder.
The adder is severely wounded.
You feel sick. The adder bites you but does no damage.
You are too injured to fight recklessly!
An adder is nearby!
You are too injured to fight recklessly!
You claw the adder!
You kill the adder!
You feel sick.
Your Unarmed Combat skill increases to level 4!
You have reached level 4!
You feel agile.
Your demonic ancestry asserts itself...
A menacing aura infuses your magic.
Unknown command.
You feel sick.
You see here an adder corpse.
You feel sick.
There is an escape hatch in the ceiling here.
You feel sick.
You are no longer poisoned.
A mysterious force pulls you upwards. The hatch slams shut behind you.
There is an open door here.
There is a staircase leading out of the dungeon here.
Are you sure you want to leave the Dungeon?
This will make you lose the game!
You have escaped!

#........##....[....##.#####..#..
##.##.......####.#####.# #.###.
#.##÷#########..#####.# #..###
#.##)###............#.# #.#.#.
#.##.#...#####.####.#.# ###.##.#
##.##...#.# #.# #.#.# #.....##
...####...# #.# #.#.###.....##
_..# ##..# #########..##........
.§## #..# #...@...#..........##
.§# #..# #8.....8#..###.....##
.## #########.....##### ##......
.# #......'..8.8..# ######. .#
#########.....## #. .##
#.....#.....# #. ..###
##.#####.8.8.# #. #...# #..#
#.....# #########. ..#.# #.##
#.....# #.........


There were no monsters in sight!

Vanquished Creatures
  2 adders (D:2)
  A dart slug (D:1)
  4 ball pythons (D:1)
  3 endoplasms
  A goblin (D:1)
  6 hobgoblins (D:1)
  4 jackals (D:2)
  4 quokkas (D:1)
  3 bats (D:1)
  A frilled lizard (D:1)
  A rat (D:1)
30 creatures vanquished.

Vanquished Creatures (collateral kills)
  Terence (D:2)
1 creature vanquished.

Grand Total: 31 creatures vanquished

Notes
Turn   | Place    | Note
-------+----------+-------------------------------------------
     0 | D:1      | Alarkh the Demonspawn Gladiator began the quest for the
                  | Orb.
     0 | D:1      | Reached XP level 1. HP: 16/16 MP: 1/1
   177 | D:1      | Reached skill level 3 in Unarmed Combat
   250 | D:1      | Gained mutation: You have sharp fingernails. [demonic
                  | ancestry]
   250 | D:1      | Reached XP level 2. HP: 10/22 MP: 2/2
   495 | D:1      | Found a faded altar of an unknown god.
   814 | D:1      | Gained mutation: A weak demonic guardian rushes to your
                  | aid. [demonic ancestry]
   814 | D:1      | Reached XP level 3. HP: 26/28 MP: 3/3
  1285 | D:2      | Noticed Terence
  1345 | D:2      | Killed Terence
  1594 | D:2      | Reached skill level 4 in Unarmed Combat
  1594 | D:2      | Gained mutation: Spells you cast may paralyse adjacent
                  | enemies. [demonic ancestry]
  1594 | D:2      | Reached XP level 4. HP: 16/34 MP: 4/4
  1658 | D:$      | Got out of the dungeon alive.

Illustrated notes

Levels and vault maps discovered:
D:1:      elethiomel_arrival_quiet, layout_loops_ring,
          ebering_ecumenical_altar_mist
D:2:      layout_basic, dk_vineyard_3, hangedman_decor_clover_reticule,
          uniq_terence

Skill      XL: |  1  2  3 |
---------------+----------+-----
Unarmed Combat | 3 4 |  4.0
Fighting       | |  2.9
Throwing       | |  1.7
Dodging        | |  2.6

Action                   |  1- 3 |  4- 6 || total
-------------------------+-------+-------++-------
Melee: Unarmed           |   133 |       ||   133
       Punch             |     2 |       ||     2
Throw: Dart              |     4 |       ||     4
       Throwing net      |     3 |       ||     3
  Use: Potion            |     2 |       ||     2
 Stab: Held in net/web   |     1 |       ||     1
       Sleeping          |     1 |       ||     1
Armor: Leather armour    |    36 |       ||    36
       Ring mail         |     6 |       ||     6
Dodge: Dodged            |    72 |       ||    72

Table legend: (Time is in decaauts)
 A = Elapsed time spent in this place.
 B = Non-inter-level travel time spent in this place.
 C = Inter-level travel time spent in this place.
 D = Time resting spent in this place.
 E = Time spent auto-exploring this place.
 F = Levels seen in this place.
 G = Mean time per level.
                   A        B        C        D        E       F      G
               +--------+--------+--------+--------+--------+-----+--------+
         Total |   1649 |   1539 |    110 |      0 |   1288 |   2 |  824.5 |
       Dungeon |   1649 |   1539 |    110 |      0 |   1288 |   2 |  824.5 |
               +--------+--------+--------+--------+--------+-----+--------+

Top non-repeatable levels by time:
     D:1: 1164 daAuts
     D:2: 484 daAuts
